 Dungeon Crawl Stone Soup version 0.21-a0-504-g2eda33064f (webtiles) character file.

21 Kaname the Magician (level 2, -2/19 HPs)
             Began as a Demonspawn Wizard on Nov 26, 2017.
             Slain by an adder (4 damage)
             ... on level 2 of the Dungeon.
             The game lasted 00:02:21 (1400 turns).

Kaname the Magician (Demonspawn Wizard)             Turns: 1400, Time: 00:02:22

Health: -2/19      AC:  2    Str:  7    XL:     2   Next: 62%
Magic:  1/6        EV: 12    Int: 19    God:
Gold:   135        SH:  0    Dex: 11    Spells: 4/7 levels left

rFire    . . .     SeeInvis .   e - +0 whip
rCold    . . .     Gourm    .   (no shield)
rNeg     . . .     Faith    .   a - +0 robe
rPois    .         Spirit   .   b - +0 hat
rElec    .         Reflect  .   (no cloak)
rCorr    .         Harm     .   (no gloves)
MR       .....                  (no boots)
Stlth    ++........             (no amulet)
HPRegen  0.06/turn              (no ring)
MPRegen  0.10/turn              (no ring)

@: lethally poisoned (-2 -> -8)
A: powered by pain 1
a: no special abilities


You were on level 2 of the Dungeon.
You were very hungry.

You visited 1 branch of the dungeon, and saw 2 of its levels.

You collected 135 gold pieces.

Inventory:

Hand Weapons
 e - a +0 whip (weapon)
Armour
 a - a +0 robe (worn)
 b - a +0 hat (worn)
Scrolls
 f - a scroll of blinking {unknown}
 g - 5 scrolls of identify
 h - a scroll of immolation {unknown}
 k - a scroll of amnesia {unknown}
 l - a scroll of remove curse
Books
 c - a book of Minor Magic

   Spells                             Type                      Level
   a - Magic Dart                     Conjuration                  1
   b - Blink                          Translocation                2
   c - Call Imp                       Summoning                    2
   d - Slow                           Hexes                        2
   e - Conjure Flame                  Conjuration/Fire             3
   f - Mephitic Cloud                 Conjuration/Poison/Air       3
Comestibles
 d - 3 bread rations
 i - a meat ration
 j - 4 fruits


   Skills:
 - Level 1.7 Dodging
 - Level 1.7 Stealth
 - Level 3.0 Spellcasting
 + Level 2.7 Conjurations
   Level 1.0 Summonings
 - Level 0.8 Translocations


You had 4 spell levels left.
You knew the following spells:

 Your Spells              Type           Power        Failure   Level  Hunger
a - Magic Dart            Conj           ##..         4%          1    None
b - Blink                 Tloc           N/A          16%         2    ##.....


Dungeon Overview and Level Annotations

Branches:
Dungeon (2/15)

Altars:
Ashenzari

Annotations:
D:2 Sigmund


Innate Abilities, Weirdness & Mutations

You sometimes gain a little power by taking damage.


Message History

The adder is almost dead.
You feel sick. The adder bites you.
* * * LOW HITPOINT WARNING * * *
You closely miss the adder.
The adder is almost dead.
The adder closely misses you.
You closely miss the adder.
The adder is almost dead.
The adder bites you but does no damage. The adder barely misses you.
You barely miss the adder.
The adder is almost dead.
The adder bites you.
* * * LOW HITPOINT WARNING * * *
You are lethally poisoned!
The adder poisons you!
You closely miss the adder.
The adder is almost dead.
* * * LOW HITPOINT WARNING * * *
You feel sick. The adder misses you. The adder bites you.
You die...

... ..# #)# #.# #.# #.#
#.# ## #S##### #.
#@#...# ##.## #.#.###
##P..# ##.#.### #P.P.#
##....#.# #....#
########.....#.#
##....#
#.......#....#.# #....#
#.#............###.#..#
#.#.###.#..........##.#
####.#.#
#.##.##########.#


You could see an adder.

Vanquished Creatures
  A dart slug (D:1)
  A ball python (D:1)
  2 giant cockroaches (D:1)
  2 goblins
  3 hobgoblins (D:2)
  3 jackals (D:1)
  A bat (D:1)
  A frilled lizard (D:1)
  A kobold (D:2)
  A rat (D:2)
16 creatures vanquished.

Notes
Turn   | Place    | Note
-------+----------+-------------------------------------------
     0 | D:1      | Kaname the Demonspawn Wizard began the quest for the Orb.
     0 | D:1      | Reached XP level 1. HP: 13/13 MP: 4/4
   799 | D:1      | Gained mutation: You sometimes gain a little power by taking damage. [demonic ancestry]
   799 | D:1      | Reached XP level 2. HP: 19/19 MP: 0/6
   824 | D:1      | Learned a level 2 spell: Blink
  1132 | D:2      | Found a shattered altar of Ashenzari.
  1307 | D:2      | Found a faded altar of an unknown god.
  1307 | D:2      | Noticed Sigmund
  1400 | D:2      | Slain by an adder

Vault maps used:
D:1:      ncdulo_wetmaze
D:2:      lemuel_crystal_altar, grunt_dithmenos_smoke,
          chequers_ecumenical_altar_simple_redux, uniq_sigmund,
          uniq_crazy_yiuf_cottage, uniq_terence

Skill      XL: |  1 |
---------------+----+-----
Conjurations   | 2 |  2.7
Dodging        | |  1.7
Stealth        | |  1.7
Spellcasting   | |  3.0
Summonings     | |  1.0
Translocations | |  0.8

Action                   || total
-------------------------++-------
Melee: Unarmed           ||    14
       Whip              ||    21
       Hand axe          ||     1
 Cast: Magic Dart        ||    35
  Use: Potion            ||     1
       Scroll            ||     2
Armor: Skin              ||     7
       Robe              ||     6
Dodge: Dodged            ||    24

Table legend:
 A = Spawn XP
 B = Non-spawn XP
 C = Spawn XP percentage of total XP
 D = Spawn monster count
 E = Non-spawn monster count
 F = Spawn count percentage of total count
 G = Total turns spent on level
                    A         B        C        D         E        F      G
               +---------+---------+-------+---------+---------+-------+---------
         Total |       0 |      30 |   0.0 |       0 |      16 |   0.0 |  1400
               +---------+---------+-------+---------+---------+-------+---------
           D:1 |       0 |      20 |   0.0 |       0 |      10 |   0.0 |  1100
           D:2 |       0 |      10 |   0.0 |       0 |       6 |   0.0 |   300
               +---------+---------+-------+---------+---------+-------+---------
